 Dungeon Crawl Stone Soup version 0.25.0-33-gff14898491 (webtiles) character file.

Game seed: 13950905866661583057

32 lepoulpe303 the Sneak (level 3, -2/16 HPs)
             Began as a Spriggan Enchanter on July 7, 2020.
             Slain by a gnoll
             ... wielding a +0 halberd
              (18 damage)
             ... on level 2 of the Dungeon.
             The game lasted 00:02:39 (1064 turns).

lepoulpe303 the Sneak (Spriggan Enchanter)          Turns: 1064, Time: 00:02:40

Health: -2/16      AC:  2    Str:  4    XL:     3   Next: 8%
Magic:  3/9        EV: 18    Int: 17    God:
Gold:   38         SH:  0    Dex: 16    Spells: 3/9 levels left

rFire    . . .     SeeInvis +   a - +1 dagger
rCold    . . .     Gourm    .   (shield restricted)
rNeg     . . .     Faith    .   b - +0 robe
rPois    .         Spirit   .   (helmet restricted)
rElec    .         Reflect  .   (no cloak)
rCorr    .         Harm     .   (gloves unavailable)
MR       .....                  (boots unavailable)
Stlth    +++.......             (no amulet)
HPRegen  0.05/turn              (no ring)
MPRegen  0.11/turn              (no ring)

@: very quick
A: very small, unfitting armour, see invisible, herbivore, speed 3, slow
metabolism 2
a: no special abilities


You were on level 2 of the Dungeon.
You were not hungry.

You visited 1 branch of the dungeon, and saw 2 of its levels.

You collected 38 gold pieces.

Inventory:

Hand Weapons
 a - a +1 dagger (weapon)
Armour
 b - a +0 robe (worn)
Jewellery
 c - an uncursed amulet of faith {unknown}
 d - an uncursed ring of fire {unknown}
Scrolls
 i - a scroll of blinking {unknown}
 t - a scroll of teleportation
Potions
 f - a potion of berserk rage {unknown}
 g - a potion of degeneration {unknown}
Comestibles
 e - 2 rations


   Skills:
 - Level 1.1 Short Blades
 - Level 3.0 Dodging
 + Level 4.9 Stealth
 * Level 3.5 Spellcasting
 * Level 4.3 Hexes


You had 3 spell levels left.
You knew the following spells:

 Your Spells              Type           Power        Failure   Level  Hunger
a - Ensorcelled Hibernat  Hex/Ice        ##....       11%         2    ##.....
c - Confusing Touch       Hex            ###.....     9%          3    ###....
v - Corona                Hex            ###....      2%          1    None

Your spell library contained the following spells:

 Spells                   Type           Power        Failure   Level  Hunger
 Tukima's Dance           Hex            ###.....     9%          3    ###....
 Dazzling Flash           Conj/Hex       ##....       21%         3    ###....


Dungeon Overview and Level Annotations

Branches:
Dungeon (2/15)

Altars:


Innate Abilities, Weirdness & Mutations

You are very small and have problems with some larger weapons.
You are too small for most types of armour.
You have supernaturally acute eyesight. (SInv)
You are a herbivore.
You cover ground extremely quickly.
You need to consume almost no food.


Message History

You regained 4 hp, and now have 14/16 hp.
MP restored: 9 You start resting.
Health restored: 16
Things that are here:
a +0 spear; a gnoll corpse The gnoll shouts!
Things that are here:
a +0 spear; a gnoll corpse
Aim: a gnoll, wielding a +0 halberd (chance to defeat MR: 50%)
The gnoll resists with some effort.
You now have 7/9 mp.
Aim: a gnoll, wielding a +0 halberd (chance to defeat MR: 50%)
The gnoll resists with some effort.
You now have 5/9 mp.
Aim: a gnoll, wielding a +0 halberd (chance to defeat MR: 50%)
The gnoll resists with some effort.
The gnoll hits you from afar with a +0 halberd!!
Ouch! That really hurt!
You die...

######### .
#[......# b.#
#..#.##.######.....
#.#..@)g....g.g...g
#....##.######.#.##
#.#.###.# #.^.....#
###.##### #.#
#.#### #.##.##
#.#...####


You could see 2 gnolls.

Levels and vault maps discovered:
D:1:      dpeg_arrival_rhombi, layout_basic, minmay_box_of_dots
D:2:      layout_loops_corners, first_ration, palyth_stone_intersect,
          kennysheep_generic_room_5

Notes
Turn   | Place    | Note
-------+----------+-------------------------------------------
     0 | D:1      | lepoulpe303 the Spriggan Enchanter began the quest for the
                  | Orb.
     0 | D:1      | Reached XP level 1. HP: 9/9 MP: 5/5
    77 | D:1      | Reached skill level 3 in Spellcasting
    95 | D:1      | Identified a +0 club
   117 | D:1      | Reached XP level 2. HP: 12/13 MP: 5/7
   121 | D:1      | Learned a level 2 spell: Ensorcelled Hibernation
   150 | D:1      | Identified a +0 dagger
   179 | D:1      | Reached skill level 4 in Hexes
   224 | D:1      | Identified a +0 club
   496 | D:1      | Identified a cursed -1 club
   508 | D:1      | Identified a +0 club
   877 | D:1      | Identified 2 scrolls of teleportation
   926 | D:2      | Identified a +0 spear
   928 | D:2      | Identified a +0 halberd
   930 | D:2      | Identified a +0 spear
   944 | D:2      | Reached XP level 3. HP: 10/16 MP: 1/9
   949 | D:2      | Learned a level 3 spell: Confusing Touch
  1064 | D:2      | Slain by a gnoll

Table legend:
 A = Turns spent in this place as a percentage of turns spent in the entire game.
 B = Non-inter-level travel turns spent in this place as a percentage of non-inter-level travel turns spent in the entire game.
 C = Inter-level travel turns spent in this place as a percentage of turns spent in this place.
 D = Turns resting spent in this place as a percentage of non-inter-level travel turns spent in this place.
 E = Turns spent auto-exploring this place as a percentage of non-inter-level travel turns spent in this place.
 F = Non-inter-level travel turns spent in this place divided by the number of levels of this place that you've seen.
                   A       B       C       D       E      F
               +-------+-------+-------+-------+-------+----------------------
         Total | 100.0 | 100.0 |   2.3 |  36.1 |  44.0 | 519.5
       Dungeon | 100.0 | 100.0 |   2.3 |  36.1 |  44.0 | 519.5
               +-------+-------+-------+-------+-------+----------------------

Table legend:
 A = Kills in this place as a percentage of kills in entire the game.
 B = Kills by you in this place as a percentage of kills by you in the entire game.
 C = Kills by friends in this place as a percentage of kills by friends in the entire game.
 D = Other kills in this place as a percentage of other kills in the entire game.
 E = Experience gained in this place as a percentage of experience gained in the entire game.
 F = Experience gained in this place divided by the number of levels of this place that you have seen.
                   A       B       C       D       E      F
               +-------+-------+-------+-------+-------+----------------------
         Total | 100.0 | 100.0 |   N/A |   N/A | 100.0 |  23.0
       Dungeon | 100.0 | 100.0 |   N/A |   N/A | 100.0 |  23.0
               +-------+-------+-------+-------+-------+----------------------

Skill      XL: |  1  2 |
---------------+-------+-----
Spellcasting   | 3 |  3.5
Hexes          | 4 |  4.3
Short Blades   | |  1.1
Dodging        | |  3.0
Stealth        | |  4.9

Action                   || total
-------------------------++-------
Melee: Dagger            ||    73
 Cast: Corona            ||     3
       Ensorcelled Hiber ||     6
  Use: Scroll            ||     1
 Stab: Sleeping          ||     8
Armor: Robe              ||     2
Dodge: Dodged            ||    52

Vanquished Creatures
  A gnoll (D:2)
  A dart slug (D:1)
  5 bats (D:1)
  A giant cockroach (D:1)
  A goblin (D:1)
  4 hobgoblins (D:1)
  2 kobolds (D:1)
  A frilled lizard (D:1)
  4 rats (D:1)
20 creatures vanquished.
